 Dungeon Crawl Stone Soup version 0.31.0-1-g2c135a0 (webtiles) character file.

Game seed: 17170812360163933301

180 jagoly the Chopper (level 5, -6/33 HPs)
             Began as a Gargoyle Monk on Jan 26, 2024.
             Splashed by a jelly's acid (7 damage)
             ... on level 4 of the Dungeon.
             The game lasted 00:09:19 (941 turns).

jagoly the Chopper (Gargoyle Monk)                   Turns: 941, Time: 00:09:20

Health: -6/33      AC:  2    Str: 17    XL:     5   Next: 60%
Magic:  5/5        EV: 10    Int: 10    God:
Gold:   144        SH:  0    Dex: 18    Spells: 4/4 levels left

rFire   . . .        a - +0 hand axe
rCold   . . .        d - orb {light}
rNeg    + . .        x - +0 scale mail
rPois   ∞            (no helmet)
rElec   +            (no cloak)
rCorr   .            (no gloves)
SInv    .            (no boots)
Will    .....        (no amulet)
Stlth   +            l - +4 ring of protection
HPRegen 0.25/turn    y - +6 ring of dexterity
MPRegen 0.09/turn

%: no passive effects
@: corroded, glowing
A: sickness immunity, AC +4, negative energy resistance 1, electricity
resistance, torment resistance 1, petrification resistance
a: no special abilities


You were on level 4 of the Dungeon.
You visited 1 branch of the dungeon, and saw 4 of its levels.

You collected 144 gold pieces.

Inventory:

Hand Weapons
 a - a +0 hand axe (weapon)
 k - a +0 spear
 n - a +0 sling
 w - a +0 trident
Missiles
 f - 19 stones (quivered)
 g - 4 javelins
 j - 16 poisoned darts
 s - 8 boomerangs
Armour
 b - a +0 robe
 d - an orb of light (worn)
 i - a +0 ring mail
 r - a +0 plate armour
 v - a +0 buckler
 x - a +0 scale mail (worn)
Jewellery
 l - a +4 ring of protection (left hand)
 y - a +6 ring of dexterity (right hand)
Scrolls
 e - a scroll of amnesia {unknown}
 q - 2 scrolls of identify {unknown}
 u - 3 scrolls of vulnerability {unknown}
 z - a scroll of blinking {unknown}
Potions
 c - a potion of ambrosia
 h - a potion of curing
 m - 3 potions of degeneration {unknown}
 o - a potion of heal wounds {unknown}
 p - a potion of attraction {unknown}
 t - a potion of might {unknown}


   Skills:
 - Level 4.0 Fighting
 * Level 4.5 Axes
 - Level 2.0 Armour
 - Level 2.4 Dodging
 - Level 2.0 Stealth


You had 4 spell levels left.
You didn't know any spells.
Your spell library contained the following spells:

 Spells                   Type           Power      Damage    Failure   Level
 Ensorcelled Hibernation  Hex/Ice        0%         N/A       89%         2
 Lesser Beckoning         Tloc           0%         N/A       89%         2
 Gell's Gravitas          Tloc           0%         N/A       98%         3
 Passwall                 Erth           0%         N/A       98%         3
 Swiftness                Air            0%         N/A       98%         3
 Teleport Other           Tloc           0%         N/A       98%         3


Dungeon Overview and Level Annotations

Branches:
Dungeon (4/15) Zot: 23037
 Temple: D:4-7

Altars:
Elyvilon
Wu Jian


Innate Abilities, Weirdness & Mutations

You are immune to sickness and miasma.
Your stone body is resilient. (AC +4)
You are immune to poison.
You resist negative energy. (rN+)
You are resistant to electric shocks. (rElec)
You are resistant to unholy torment.
You are immune to petrification.


Message History

You hit the ribbon worm.
The ribbon worm is almost dead.
The ribbon worm barely misses you.
You hit the ribbon worm.
You kill the ribbon worm!
No target in view!
You see here a ribbon worm corpse.
You now have 93 gold pieces (gained 3).
You hear the slow rusting of a very distant drain.
You see here a ribbon worm corpse.
Found a scroll labelled COPEANNODGHIST.
u - 3 scrolls labelled COPEANNODGHIST (gained 1)
Found a stone staircase leading up.
There is a stone staircase leading up here.
Okay, then.
You climb upwards.
The orc shouts! x2
There is a stone staircase leading down here.
Throw: 22 stones
Press: ? - help, Q - select action, (/) - cycle Shift-Dir - straight line, f - orc
Aim: an orc, wielding a +0 dagger (haloed, 75% to hit)
You throw a stone. The stone hits the orc.
The orc is lightly wounded.
The orc barely misses you. The orc misses you.
The orc hits you but does no damage.
You climb downwards.
You hear the sound of rushing water.
There is an entrance to a sewer on this level.
Hurry and find it before the portal rusts away!
There is a stone staircase leading up here.
You hit the orc but do no damage. You hit the orc.
The orc hits you but does no damage. The orc hits you with a +0 hand axe.
The orc hits you but does no damage. The orc barely misses you.
You slash the orc!
You kill the orc!
You hit the orc.
You kill the orc!
You hit the orc.
The orc is severely wounded.
The orc misses you.
You slash the orc!
You kill the orc!
Unknown command.
You climb upwards.
The orc priest calls down the wrath of Beogh upon you.
Beogh smites you!
The kobold throws a poisoned dart.
The poisoned dart barely misses you.
There is a stone staircase leading down here.
You barely miss the orc priest.
The orc priest invokes the aid of Beogh against you.
Beogh smites you!
* * * LOW HITPOINT WARNING * * *
It was a potion of curing.
You feel better.
The orc priest looks encouraged for a moment.
Cleave: a) +0 hand axe
Press: ? - help, Dir - move target, f - orc priest
Aim: an orc priest, wielding a +0 short sword and wearing a +0 ring mail (haloed, about 18% to evade your +0 hand axe)
You hit the orc priest.
The orc priest is moderately wounded.
The orc priest barely misses you.
Cleave: a) +0 hand axe
Press: ? - help, Dir - move target, f/p - orc priest
Aim: an orc priest, wielding a +0 short sword and wearing a +0 ring mail (moderately wounded, haloed, about 18% to evade your +0 hand axe)
You slash the orc priest!
The orc priest is severely wounded.
You hit the kobold.
The orc priest hits you but does no damage.
The kobold hits you but does no damage.
Cleave: a) +0 hand axe
Press: ? - help, Dir - move target, f/p - orc priest
Aim: an orc priest, wielding a +0 short sword and wearing a +0 ring mail (severely wounded, haloed, about 18% to evade your +0 hand axe)
You completely miss the orc priest.
The orc priest is severely wounded.
You hit the kobold.
You kill the kobold!
The orc priest mumbles some strange prayers to Beogh against you.
You are unaffected.
Cleave: a) +0 hand axe
Press: ? - help, Dir - move target, f/p - orc priest
Aim: an orc priest, wielding a +0 short sword and wearing a +0 ring mail (severely wounded, haloed, about 18% to evade your +0 hand axe)
You hit the orc priest.
The orc priest is almost dead.
The orc priest barely misses you.
The orc priest hits you but does no damage.
Cleave: a) +0 hand axe
Press: ? - help, Dir - move target, f/p - orc priest
Aim: an orc priest, wielding a +0 short sword and wearing a +0 ring mail (almost dead, haloed, about 18% to evade your +0 hand axe)
You hit the orc priest.
You kill the orc priest!
Training target 2.0 for Stealth reached!
Your Stealth skill increases to level 2!
Press: ? - help, v - describe, . - travel, g - get item
Items here: a +0 dagger; 7 poisoned darts; a kobold corpse.
The floor, spattered with blood.
This square is lit by a halo.
j - 16 poisoned darts (gained 7)
Things that are here:
a +0 dagger; a kobold corpse
Press: ? - help, v - describe, . - travel, g - get item
Items here: a +0 short sword; a +0 ring mail; an orc corpse.
The floor.
This square is lit by a halo.
There is a stone staircase leading down here.
You climb downwards.
You hear the sound of rushing water.
There is an entrance to a sewer on this level.
Hurry and find it before the portal rusts away!
You hear the rusting of a very distant drain.
There is a stone staircase leading up here.
You see here a +0 hand axe.
An orc comes into view. It is wielding a +0 trident.
The orc shouts!
You hear a shout!
The orc moves out of view.
An orc wizard comes into view. It is wielding a +0 dagger.
An orc wizard is nearby!
Throw: 21 stones
Press: ? - help, Q - select action, (/) - cycle Shift-Dir - straight line, f - orc wizard
Aim: an orc wizard, wielding a +0 dagger and wearing a +0 robe (45% to hit)
You throw a stone. The stone hits the orc wizard.
The orc wizard is lightly wounded.
The orc wizard gestures at you while chanting.
You are confused.
You hear a shout!
You bump into the rock wall.
You feel less confused.
You slash the orc wizard!
The orc wizard is heavily wounded.
The orc wizard points at you and mumbles some strange words.
The puff of flame hits you but does no damage.
You barely miss the orc wizard.
The orc wizard is heavily wounded.
The orc wizard hits you but does no damage.
You barely miss the orc wizard.
The orc wizard is heavily wounded.
The orc wizard hits you with a +0 dagger.
You closely miss the orc wizard.
The orc wizard is heavily wounded.
The orc wizard hits you but does no damage.
You hit the orc wizard.
The orc wizard is heavily wounded.
The orc wizard hits you but does no damage.
You closely miss the orc wizard.
The orc wizard is heavily wounded.
The orc wizard barely misses you.
You slash the orc wizard!
The orc wizard is almost dead.
The orc wizard casts a spell at you. The puff of flame misses you.
You hit the orc wizard but do no damage.
The orc wizard is almost dead.
The orc wizard barely misses you. The orc hits you but does no damage.
You hit the orc wizard.
You kill the orc wizard!
The orc barely misses you.
An orc wizard comes into view. It is wielding a +0 dagger.
Training target 2.0 for Armour reached!
Training target 4.0 for Fighting reached!
Your Fighting skill increases to level 4!
Your Axes skill increases to level 4!
Your Armour skill increases to level 2!
You have reached level 5!
The orc barely misses you.
You hit the orc but do no damage. The orc barely misses you.
The orc closely misses you.
You barely miss the orc. The orc hits you with a +0 trident.
You hit the orc but do no damage. The orc closely misses you.
You hit the orc.
The orc is severely wounded.
The orc barely misses you.
You hit the orc.
You kill the orc!
An orc comes into view. It is wielding a +0 hand axe.
The orc wizard shouts!
The orc shouts!
Items here: )) [[ †.
w - a +0 trident;
x - a +0 scale mail The orc throws a boomerang.
The boomerang completely misses you.
An orc comes into view. It is wielding a +0 trident.
The orc hits you but does no damage.
The orc wizard hits you but does no damage.
The orc hits you but does no damage.
Things that are here:
a +0 dagger; a +0 robe; an orc corpse You barely miss the orc wizard.
You hit the orc but do no damage.
You hear the rusting of a very distant drain.
The orc wizard hits you but does no damage.
The orc barely misses you.
You barely miss the orc wizard. You hit the orc. The orc barely misses you.
The orc hits you but does no damage.
The orc wizard gestures at you while chanting.
You resist with some effort.
You hit the orc wizard.
The orc wizard is heavily wounded.
You barely miss the orc.
The orc wizard hits you but does no damage.
The orc closely misses you.
You closely miss the orc wizard.
The orc wizard is heavily wounded.
You hit the orc.
You kill the orc!
The orc barely misses you.
The orc wizard hits you with a +0 dagger.
You hit the orc wizard.
The orc wizard is severely wounded.
The orc barely misses you.
The orc wizard gestures at you while chanting.
The puff of flame hits you.
You hit the orc wizard but do no damage.
The orc wizard is severely wounded.
The orc closely misses you. The orc wizard barely misses you.
The orc wizard hits you but does no damage.
The orc hits you from afar with a +0 trident.
* * * LOW HITPOINT WARNING * * *
You hit the orc wizard.
The orc wizard is almost dead.
The orc wizard hits you but does no damage.
The orc barely misses you.
You hit the orc wizard.
You kill the orc wizard!
The orc misses you. The orc hits you with a +0 trident.
* * * LOW HITPOINT WARNING * * *
Items here: ( ) [ †.
You hit the orc.
The orc is moderately wounded.
The orc closely misses you.
You barely miss the orc.
The orc is moderately wounded.
The orc barely misses you.
You slash the orc!
You kill the orc!
s - 8 boomerangs (gained 3)
You start removing your armour.
You continue taking off your +0 ring mail. x4
You finish taking off your +0 ring mail.
You start putting on your armour.
You continue putting on your +0 scale mail. x5
You finish putting on your +0 scale mail.
An ogre comes into view. It is wielding a +0 giant club.
An ogre is nearby!
Okay, then.
You aren't carrying any items that you can evoke.
The ogre attacks as it pursues you! The ogre closely misses you.
Things that are here:
a +0 hand axe; a +0 ring mail; an orc corpse
Things that are here:
a +0 dagger; a +0 robe; an orc corpse You hear the brisk rusting of a very distant drain.
You see here a +0 hand axe.
There is a stone staircase leading up here.
You climb upwards.
There is a stone staircase leading down here.
As you open the door, it creaks loudly!
There is an open door here.
Found an iron ring.
HP restored.
y - a +6 ring of dexterity You feel agile.
y - a +6 ring of dexterity (right hand)
You open the door.
A goblin comes into view. It is wielding a +0 club.
The goblin shouts!
You hear an angry hiss.
You hear a shout!
You hear an angry hiss.
There is an open door here.
A hobgoblin comes into view.
Found 3 gold pieces.
The hobgoblin shouts!
You hear a shout!
An adder comes into view.
The adder hisses angrily.
The goblin hits you but does no damage.
A hobgoblin comes into view. x2
You hit the goblin.
The goblin is heavily wounded.
The goblin hits you but does no damage.
A hobgoblin comes into view.
The hobgoblin shouts!
You hit the goblin.
The goblin is severely wounded.
The goblin hits you with a +0 club.
A kobold comes into view. It is wielding a +0 short sword.
You barely miss the goblin.
The goblin is severely wounded.
The kobold shouts!
You hit the hobgoblin. The goblin barely misses you.
The hobgoblin hits you but does no damage.
An endoplasm comes into view.
A ball python comes into view.
You hit the hobgoblin.
You kill the hobgoblin!
You hit the goblin.
You kill the goblin!
A goblin comes into view. It is wielding a +0 club.
The adder bites you but does no damage.
You barely miss the adder.
The goblin shouts!
The adder closely misses you.
You hit the adder.
The adder is moderately wounded.
The adder closely misses you. The adder bites you but does no damage.
You hit the adder but do no damage.
The adder is moderately wounded.
You hit the hobgoblin but do no damage. x2; The hobgoblin closely misses you.
The adder barely misses you.
You slash the adder!
The adder is almost dead.
You hit the hobgoblin. You barely miss the hobgoblin. The adder misses you.
The endoplasm jiggles.
The hobgoblin hits you but does no damage.
The hobgoblin hits you.
You hit the adder.
You kill the adder!
You barely miss the hobgoblin. You hit the hobgoblin. x2
The hobgoblin hits you but does no damage. x3
You hit the hobgoblin.
You kill the hobgoblin!
You barely miss the hobgoblin. x2
The hobgoblin hits you but does no damage.
The hobgoblin closely misses you. The endoplasm freezes you.
You are frozen.
The hobgoblin hits you but does no damage.
The hobgoblin barely misses you.
You slash the hobgoblin!
You kill the hobgoblin!
You hit the hobgoblin. You hit the endoplasm but do no damage.
The endoplasm hits you but does no damage.
The hobgoblin closely misses you.
You hit the hobgoblin.
The hobgoblin is heavily wounded.
You hit the endoplasm but do no damage. The endoplasm freezes you.
You are frozen.
The hobgoblin closely misses you.
You hit the hobgoblin.
You kill the hobgoblin!
You hit the kobold. You hit the endoplasm. The endoplasm freezes you.
You are frozen.
The kobold barely misses you.
The ball python bites you but does no damage.
The ball python grabs you. The ball python constricts you.
You hit the ball python.
You kill the ball python!
You hit the endoplasm. You hit the kobold.
You kill the kobold!
The endoplasm closely misses you.
You hit the endoplasm.
The endoplasm is almost dead.
You hit the goblin. The endoplasm hits you.
The goblin hits you but does no damage.
You hit the endoplasm.
You kill the endoplasm!
You hit the goblin.
You kill the goblin!
No target in view!
Press: ? - help, v - describe, . - travel, g - get item Item here: 3 gold pieces.
The floor.
Press: ? - help, v - describe, . - travel, g - get item
Items here: a +0 short sword; 3 stones; a hobgoblin corpse.
The floor.
This square is lit by a halo.
Found 18 gold pieces.
f - 23 stones (gained 3)
Things that are here:
a +0 short sword; a hobgoblin corpse
Found a dagger and a book of Burglary.
Found 7 gold pieces.
Found a scroll labelled NAFE KEUSO BOU and 7 gold pieces.
You pick up a book of Burglary and begin reading...
You add the spells Ensorcelled Hibernation, Swiftness and Passwall to your library.
You now have 100 gold pieces (gained 7).
Found 10 gold pieces.
You now have 107 gold pieces (gained 7).
You now have 117 gold pieces (gained 10).
z - a scroll labelled NAFE KEUSO BOU You now have 135 gold pieces (gained 18).
You now have 138 gold pieces (gained 3).
A ball python comes into view.
Found 6 gold pieces.
The ball python moves out of view.
Found a stone staircase leading down.
A ball python is nearby!
You barely miss the ball python. The ball python closely misses you.
The ball python grabs you. The ball python constricts you.
You hit the ball python.
You kill the ball python!
No target in view!
A hobgoblin comes into view.
The hobgoblin shouts!
You see here a ball python corpse.
The hobgoblin hits you but does no damage.
You hit the hobgoblin.
The hobgoblin is severely wounded.
The hobgoblin hits you but does no damage.
You slash the hobgoblin!
You kill the hobgoblin!
No target in view!
You now have 144 gold pieces (gained 6).
You see here a hobgoblin corpse.
There is a stone staircase leading down here.
You climb downwards.
You hear the sound of rushing water.
There is an entrance to a sewer on this level.
Hurry and find it before the portal rusts away!
You hear the quick rusting of a very distant drain.
Found a stone staircase leading down.
There is a stone staircase leading up here.
Found 8 gold pieces and a falchion.
Unknown command.
A jelly comes into view.
The jelly quivers.
An endoplasm comes into view.
Throw: 23 stones
Press: ? - help, Q - select action, (/) - cycle Shift-Dir - straight line, f - jelly
Aim: a jelly (90% to hit)
You throw a stone. The endoplasm quivers.
The stone hits the jelly but does no damage.
Throw: 22 stones
Press: ? - help, Q - select action, (/) - cycle Shift-Dir - straight line, f/p - jelly
Aim: a jelly (90% to hit)
You throw a stone. The stone hits the jelly.
The jelly is lightly wounded.
Throw: 21 stones
Press: ? - help, Q - select action, (/) - cycle Shift-Dir - straight line, f/p - jelly
Aim: a jelly (lightly wounded, 90% to hit)
You throw a stone.
The stone hits the jelly but does no damage.
The jelly is lightly wounded.
Throw: 8 boomerangs
Press: ? - help, Shift-Dir - straight line, f/p - jelly
Aim: a jelly (lightly wounded, haloed, 97% to hit)
You throw a boomerang.
The boomerang hits the jelly but does no damage.
The jelly is lightly wounded.
Throw: 20 stones
Press: ? - help, Q - select action, (/) - cycle Shift-Dir - straight line, f/p - jelly
Aim: a jelly (lightly wounded, haloed, 97% to hit)
You throw a stone. The stone hits the jelly.
The jelly is lightly wounded.
You hit the jelly. The acid corrodes you!
Your hands burn!
The jelly is moderately wounded.
The jelly barely misses you.
You hit the jelly.
Your hands burn!
The jelly is heavily wounded.
The jelly closely misses you.
You hit the jelly.
Your hands burn!
The jelly is severely wounded.
The jelly closely misses you. The jelly barely misses you.
You hit the jelly but do no damage.
Your hands burn!
The jelly is severely wounded.
The jelly barely misses you.
You hit the jelly but do no damage. The acid corrodes you!
Your hands burn!
The jelly is severely wounded.
The jelly hits you but does no damage.
Cleave: a) +0 hand axe
Press: ? - help, Dir - move target, f/p - jelly
Aim: a jelly (severely wounded, haloed, about 3% to evade your +0 hand axe)
You hit the jelly but do no damage.
Your hands burn!
* * * LOW HITPOINT WARNING * * *
The jelly is severely wounded.
The jelly hits you but does no damage.
Cleave: a) +0 hand axe
Press: ? - help, Dir - move target, f/p - jelly
Aim: a jelly (severely wounded, haloed, about 3% to evade your +0 hand axe)
You hit the jelly but do no damage.
Your hands burn!
* * * LOW HITPOINT WARNING * * *
The jelly is severely wounded.
The jelly hits you but does no damage.
Cleave: a) +0 hand axe
Press: ? - help, Dir - move target, f/p - jelly
Aim: a jelly (severely wounded, haloed, about 3% to evade your +0 hand axe)
You hit the jelly.
Your hands burn!
* * * LOW HITPOINT WARNING * * *
The jelly is severely wounded.
The jelly barely misses you.
Cleave: a) +0 hand axe
Press: ? - help, Dir - move target, f/p - jelly
Aim: a jelly (severely wounded, haloed, about 3% to evade your +0 hand axe)
You hit the jelly.
Your hands burn!
* * * LOW HITPOINT WARNING * * *
The jelly is almost dead.
The jelly closely misses you.
Cleave: a) +0 hand axe
Press: ? - help, Dir - move target, f/p - jelly
Aim: a jelly (almost dead, haloed, about 3% to evade your +0 hand axe)
You hit the jelly but do no damage.
Your hands burn!
* * * LOW HITPOINT WARNING * * *
The jelly is almost dead.
The jelly misses you.
You feel better. The jelly barely misses you.
Cleave: a) +0 hand axe
Press: ? - help, Dir - move target, f/p - jelly
Aim: a jelly (almost dead, haloed, about 3% to evade your +0 hand axe)
You hit the jelly but do no damage. The acid corrodes you!
Your hands burn!
* * * LOW HITPOINT WARNING * * *
The jelly is almost dead.
The jelly barely misses you.
Cleave: a) +0 hand axe
Press: ? - help, Dir - move target, f/p - jelly
Aim: a jelly (almost dead, haloed, about 3% to evade your +0 hand axe)
You hit the jelly.
Your hands burn!
* * * LOW HITPOINT WARNING * * *
The jelly is almost dead.
The jelly hits you.
* * * LOW HITPOINT WARNING * * *
You are splashed with acid!
You die...

###.
##.....
####.).....
#.@JJ..$...
#.##.#####.
#.# .# #.#
.# #.# .#
#.# .. #
#.# .....
#.##..###
#<.......


You could see a jelly and an endoplasm.

Vanquished Creatures
  An orc priest (D:3)
  2 orc wizards (D:4)
  3 adders
  2 ribbon worms
  6 orcs (D:4)
  4 ball pythons
  5 endoplasms
  4 giant cockroaches
  4 goblins
  9 hobgoblins
  A quokka (D:2)
  7 bats
  10 kobolds
  2 rats
60 creatures vanquished.

Notes
Turn   | Place    | Note
-------+----------+-------------------------------------------
     0 | D:1      | jagoly the Gargoyle Monk began the quest for the Orb.
     0 | D:1      | Reached XP level 1. HP: 14/14 MP: 1/1
   159 | D:1      | Reached XP level 2. HP: 19/19 MP: 2/2
   270 | D:2      | Reached skill level 1 in Stealth
   277 | D:2      | Reached XP level 3. HP: 23/23 MP: 3/3
   338 | D:2      | Reached skill level 1 in Armour
   472 | D:3      | Reached XP level 4. HP: 29/29 MP: 4/4
   561 | D:4      | Found a white marble altar of Elyvilon.
   561 | D:4      | Found an ornate altar of the Wu Jian Council.
   709 | D:4      | Reached XP level 5. HP: 25/33 MP: 5/5
   758 | D:4      | Noticed an ogre
   941 | D:4      | HP: 1/33 [jelly (1)]
   941 | D:4      | Splashed by a jelly's acid

Illustrated notes

Levels and vault maps discovered:
D:1:      psy_arrival_radial02, layout_rooms
D:2:      layout_basic, minmay_pentomino_v4
D:3:      layout_basic, kennysheep_small_spiral, grunt_ministairs_2,
          nicolae_shop_unique_rings, serial_bayou_pond_a,
          minmay_fractal_squares_5, uniq_robin
D:4:      layout_loops_ring, mainiacjoe_overflow_divided_tiny,
          portal_sewer_entry_a

Skill      XL: |  1  2  3  4 |
---------------+-------------+-----
Axes           | 3 4 |  4.5
Stealth        | 1 2 |  2.0
Armour         | 1 2 |  2.0
Fighting       | 4 |  4.0
Dodging        | |  2.4

Action                     |  1- 3 |  4- 6 || total
---------------------------+-------+-------++-------
  Melee: Hand axe          |    72 |    87 ||   159
  Throw: Stone             |       |     6 ||     6
         Boomerang         |       |     1 ||     1
    Use: Potion            |       |     2 ||     2
 Armour: Robe              |     9 |       ||     9
         Ring mail         |    31 |    34 ||    65
         Scale mail        |       |    23 ||    23
  Dodge: Dodged            |    58 |    65 ||   123
